 Dungeon Crawl Stone Soup version 0.29.1-13-g9f3cf754e1 (webtiles) character file.

Game seed: 16251156736912750288

1189 Saba the Skirmisher (level 8, -2/52 HPs)
             Began as a Gargoyle Hunter on Feb 8, 2023.
             Was a Believer of Okawaru.
             Killed by divine providence
             ... invoked by an orc priest
              (17 damage)
             ... on level 5 of the Dungeon.
             The game lasted 00:11:30 (4722 turns).

Saba the Skirmisher (Gargoyle Hunter)               Turns: 4722, Time: 00:11:30

Health: -2/52      AC: 18    Str: 15    XL:     8   Next: 43%
Magic:  8/8        EV: 13    Int:  8    God:    Okawaru [**....]
Gold:   346        SH:  0    Dex: 15    Spells: 7/7 levels left

rFire   . . .      SeeInvis +   w - +5 mace
rCold   + . .      Faith    .   (no shield)
rNeg    + . .      Spirit   .   x - +2 scale mail {rC+}
rPois   ∞          Reflect  .   h - +0 helmet
rElec   +          Harm     .   (no cloak)
rCorr   .          Rampage  .   r - +0 pair of gloves
Will    .....                   B - +2 pair of boots
Stlth   ..........              (no amulet)
HPRegen 0.17/turn               p - ring of see invisible
MPRegen 0.11/turn               C - +4 ring of evasion

@: no status effects
A: sickness immunity, AC +5, negative energy resistance 1, electricity
resistance, torment resistance 1, petrification resistance, dopey 1
a: Renounce Religion, Heroism


You were on level 5 of the Dungeon.
You worshipped Okawaru.
Okawaru was pleased with you.
You visited 1 branch of the dungeon, and saw 5 of its levels.
You also visited: Ossuary.

You collected 346 gold pieces.

Inventory:

Hand Weapons
 d - a +0 shortbow of flaming
 q - a +2 vorpal long sword
 u - a +2 rapier of venom
 w - a +5 mace (weapon)
Armour
 h - a +0 helmet (worn)
 r - a +0 pair of gloves (worn)
 x - a +2 scale mail of cold resistance (worn)
 B - a +2 pair of boots (worn)
Jewellery
 p - a ring of see invisible (left hand)
 C - a +4 ring of evasion (right hand)
Wands
 m - a wand of iceblast (11)
 t - a wand of polymorph (5)
Scrolls
 b - 7 scrolls of immolation
 c - a scroll of enchant armour
 f - 4 scrolls of identify
 i - a scroll of poison
 k - 3 scrolls of teleportation
 l - 3 scrolls of noise
 o - 3 scrolls of blinking {unknown}
 y - a scroll of acquirement {unknown}
 z - a scroll of amnesia {unknown}
Potions
 a - a potion of brilliance {unknown}
 e - a potion of curing
 g - 3 potions of flight
 j - 3 potions of haste
 n - a potion of heal wounds
 s - a potion of cancellation
 v - 2 potions of invisibility {unknown}
 A - a potion of resistance


   Skills:
 + Level 6.4 Fighting
 * Level 9.1 Ranged Weapons
 - Level 1.5 Dodging
 - Level 1.1 Stealth


You had 7 spell levels left.
You didn't know any spells.
Your spell library was empty.

Dungeon Overview and Level Annotations

Branches:
Dungeon (5/15)            Ossuary (visited)
 Temple: D:4-7

Altars:
Cheibriados
Gozag
Nemelex Xobeh
Okawaru
Xom


Innate Abilities, Weirdness & Mutations

You are immune to sickness and miasma.
Your stone body is resilient. (AC +5)
You are immune to poison.
You resist negative energy. (rN+)
You are resistant to electric shocks. (rElec)
You are resistant to unholy torment.
You are immune to petrification.
You are dopey. (Int -2)


Message History

You kill the orc!
Okawaru accepts your kill.
You hit the orc priest.
The orc priest is moderately wounded.
The orc priest hits you but does no damage.
The orc priest looks encouraged for a moment.
The orc priest misses you.
You hit the orc priest but do no damage.
The orc priest is moderately wounded.
The orc priest hits you but does no damage.
You hit the orc priest.
The orc priest is heavily wounded.
The orc priest hits you but does no damage.
You hit the orc priest.
The orc priest is severely wounded.
The orc priest misses you.
The orc priest invokes the aid of Beogh against you.
Pain shoots through your body!
You barely miss the orc priest.
You punch the orc priest, but do no damage.
The orc priest is severely wounded.
The orc priest barely misses you.
You hit the orc priest but do no damage.
The orc priest is severely wounded.
The orc priest closely misses you.
The orc priest hits you but does no damage.
You barely miss the orc priest.
The orc priest is severely wounded.
The orc priest hits you with a +1 mace of protection!
You barely miss the orc priest.
The orc priest is severely wounded.
The orc priest mumbles some strange prayers to Beogh against you.
Beogh smites you!
* * * LOW HITPOINT WARNING * * *
You hit the orc priest but do no damage.
The orc priest is severely wounded.
The orc priest closely misses you.
The orc priest calls down the wrath of Beogh upon you.
Beogh smites you!
You die...

#.#. #o #... #o #...
#o #... #.
#######... #.
#...##.... #.
#...###...
#.#########[........
#oo@........#.###.#.
###########.#.###...
#............
#.##.#.######
#.##.#.......
#.##.#.....##
#.##.#.###.#
#.##.#.# #.#
###.##.#.# #.#


You could see 2 orc priests.

Vanquished Creatures
  A black bear (D:4)
  3 centaurs
  2 ogres
  2 scorpions (D:5)
  A jelly (D:4)
  2 centaur zombies (Ossuary)
  A human zombie (Ossuary)
  2 hounds
  An iguana (D:4)
  4 orc wizards
  4 mummies (Ossuary)
  3 gnolls (D:3)
  7 adders
  An ufetubus (D:4)
  A worm (D:2)
  2 dart slugs
  16 orcs
  6 bats
  6 endoplasms
  3 giant cockroaches
  8 goblins
  3 hobgoblins
  7 jackals
  4 quokkas
  6 ball pythons
  3 frilled lizards
  2 goblin zombies (Ossuary)
  12 kobolds
  3 kobold zombies (Ossuary)
  3 rats (D:1)
119 creatures vanquished.

Notes
Turn   | Place    | Note
-------+----------+-------------------------------------------
     0 | D:1      | Saba the Gargoyle Hunter began the quest for the Orb.
     0 | D:1      | Reached XP level 1. HP: 12/12 MP: 1/1
   169 | D:1      | Reached XP level 2. HP: 18/18 MP: 2/2
   501 | D:1      | Found a faded altar of an unknown god.
   619 | D:2      | Reached XP level 3. HP: 20/22 MP: 3/3
  1118 | D:2      | Reached skill level 5 in Ranged Weapons
  1551 | D:3      | Found a snail-covered altar of Cheibriados.
  1559 | D:3      | Reached XP level 4. HP: 28/28 MP: 4/4
  2020 | D:3      | Found an iron altar of Okawaru.
  2251 | D:3      | Became a worshipper of Warmaster Okawaru
  2320 | D:4      | Reached XP level 5. HP: 27/32 MP: 5/5
  2385 | D:4      | Noticed an ogre
  2393 | D:4      | Killed an ogre
  2394 | D:4      | Reached skill level 6 in Ranged Weapons
  2476 | D:4      | Found a sparkling altar of Nemelex Xobeh.
  2515 | D:4      | Reached XP level 6. HP: 15/38 MP: 6/6
  2702 | D:4      | Gained mutation: You are robust. (+10% HP) [potion of
                  | mutation]
  2702 | D:4      | Gained mutation: Your mind is acute. (Int +4, Str/Dex -1)
                  | [potion of mutation]
  2703 | D:4      | Lost mutation: You are robust. (+10% HP) [potion of
                  | mutation]
  2703 | D:4      | Lost mutation: Your mind is acute. (Int +4, Str/Dex -1)
                  | [potion of mutation]
  2703 | D:4      | Gained mutation: You have sharp toenails. [potion of
                  | mutation]
  2703 | D:4      | Gained mutation: You have a pair of small antennae on your
                  | head. [potion of mutation]
  2719 | D:4      | HP: 1/38 [iguana (10)]
  2724 | D:4      | Reached * piety under Okawaru
  2780 | D:4      | Found a sand-covered staircase.
  2785 | Ossuary  | Entered an ossuary
  2971 | Ossuary  | Reached skill level 7 in Ranged Weapons
  2971 | Ossuary  | Reached XP level 7. HP: 37/44 MP: 7/7
  3022 | Ossuary  | Reached skill level 5 in Fighting
  3768 | D:4      | Reached ** piety under Okawaru
  3903 | D:4      | Found a shimmering altar of Xom.
  4153 | D:5      | Entered Level 5 of the Dungeon
  4237 | D:5      | Reached skill level 8 in Ranged Weapons
  4257 | D:5      | Reached XP level 8. HP: 35/51 MP: 8/8
  4350 | D:5      | Lost mutation: You have sharp toenails. [potion of
                  | mutation]
  4350 | D:5      | Lost mutation: You have a pair of small antennae on your
                  | head. [potion of mutation]
  4350 | D:5      | Gained mutation: You are dopey. (Int -2) [potion of
                  | mutation]
  4350 | D:5      | Gained mutation: Your spells are a little harder to cast,
                  | but a little more powerful. [potion of mutation]
  4351 | D:5      | Lost mutation: You are dopey. (Int -2) [potion of mutation]
  4351 | D:5      | Lost mutation: Your spells are a little harder to cast, but
                  | a little more powerful. [potion of mutation]
  4351 | D:5      | Gained mutation: You occasionally shout uncontrollably at
                  | your foes. [potion of mutation]
  4351 | D:5      | Gained mutation: You are frail. (-10% HP) [potion of
                  | mutation]
  4352 | D:5      | Lost mutation: You occasionally shout uncontrollably at
                  | your foes. [potion of mutation]
  4352 | D:5      | Lost mutation: You are frail. (-10% HP) [potion of
                  | mutation]
  4352 | D:5      | Gained mutation: You are dopey. (Int -2) [potion of
                  | mutation]
  4526 | D:5      | Found an opulent altar of Gozag.
  4660 | D:5      | Reached skill level 9 in Ranged Weapons
  4722 | D:5      | Killed from afar by an orc priest

Illustrated notes

Levels and vault maps discovered:
D:1:      mrwooster_arrival_arrow, layout_loops_cross,
          ebering_ecumenical_altar_rust, minivault_26
D:2:      layout_loops_ring
D:3:      layout_loops_ring, mainiacjoe_overflow_chevrons, old_standard_altar,
          serial_bayou_pond_b
D:4:      layout_gridville, nemelex_xobeh_ov_fountains_minmay,
          xom_confusion_cloud, enter_ossuary_2, kennysheep_generic_room_16
D:5:      layout_basic, grunt_gozag_breadcrumbs

Skill      XL: |  1  2  3  4  5  6  7  8 |
---------------+-------------------------+-----
Fighting       | 3 4 5 6 |  6.4
Ranged Weapons | 5 6 7 8 9 |  9.1
Dodging        | |  1.5
Stealth        | |  1.1

Action                   |  1- 3 |  4- 6 |  7- 9 || total
-------------------------+-------+-------+-------++-------
Melee: Rapier            |       |    23 |       ||    23
       Mace              |       |    69 |    19 ||    88
       Kick              |       |    10 |       ||    10
       Punch             |       |       |     1 ||     1
 Fire: Shortbow          |   122 |    54 |   170 ||   346
  Use: Potion            |       |    11 |     4 ||    15
       Scroll            |       |       |     4 ||     4
Armor: Ring mail         |     1 |       |       ||     1
       Scale mail        |    36 |   176 |   162 ||   374
Dodge: Dodged            |    37 |   104 |   109 ||   250
